Canadiens vs Devils

Created - 7 janvier 2016 at 19:08

Goals
1 2 3 T
Canadiens 2 1 2 5
Devils 2 2 0 4
Shots
1 2 3 T
Canadiens 8 10 5 23
Devils 14 14 11 39

1st period

1. Canadiens , Dustin Boyd 5 (Dan Boyle, Sergei Samsonov) at 2:59 (PP)
2. Canadiens , Dustin Boyd 6 (Sergei Samsonov, Devin Setoguchi) at 3:57 (PP)
3. Devils , Evgeny Artyukhin 3 (Chris Mcallister, Dave Tanabe) at 6:58
4. Devils , Jiri Hudler 7 (Ben Lovejoy, Jordan Eberle) at 15:42 (PP)

Penalties :
Mike Lundin (NJD) for Interference (Minor) at 2:19, Michael Frolik (NJD) for Hooking (Minor) at 3:44, Mike Lundin (NJD) for High sticking (Minor) at 12:43, Cam Janssen (Mon) for Hooking (Minor) at 15:00, Patrick Sharp (Mon) for Slashing (Minor) at 16:02, Cody Franson (NJD) for Holding (Minor) at 17:04

2nd period

5. Canadiens , Marc Savard 17 (Dan Boyle) at 0:46 (PP)
6. Devils , Jiri Hudler 8 (Michael Frolik, Mike Komisarek) at 1:04
7. Devils , Jordan Eberle 5 (Mike Lundin, Milan Michalek) at 1:19

Penalties :
Jiri Hudler (NJD) for Roughing (Minor) at 0:29, Marc Savard (Mon) for Holding Stick (Minor) at 3:29, Sergei Samsonov (Mon) for Holding (Minor) at 8:48

3rd period

8. Canadiens , Rene Bourque 8 (Greg Stewart, Ladislav Smid) at 12:46
9. Canadiens , Devin Setoguchi 11 (Sergei Samsonov, Brooks Laich) at 19:19

Penalties :
Mike Lundin (NJD) for Hooking (Minor) at 4:47, Patrick Sharp (Mon) for Hooking (Minor) at 9:31

Goalie Stats

Miika Kiprusoff (Mon), 35 saves from 39 shots - (0,897), W, 12-1-0, 60:00 minutes
Evgeni Nabokov (NJD), 18 saves from 23 shots - (0,783), L, 4-12-1, 59:25 minutes

Players Stats for Canadiens

Player Name              G  A  P  +/- PIM S  H  SB GA TA FO     MP     PP MP  PK MP  
------------------------------------------------------------------------------------
Brooks Laich             0  1  1   0  0   1  0  0  0  0  7/15   16:33   0:15   4:30 
Cam Janssen              0  0  0   0  2   0  0  0  0  0  0/0     8:28   0:00   0:00 
Dan Boyle                0  2  2  -1  0   1  0  2  0  1  0/0    20:50   4:12   0:00 
Dennis Wideman           0  0  0  -1  0   2  1  2  0  1  0/0    29:00   4:12   4:46 
Devin Setoguchi          1  1  2   0  0   1  1  0  1  0  0/0    14:31   2:40   0:00 
Dustin Boyd              2  0  2   1  0   3  2  0  0  0  3/3    12:52   2:41   0:41 
Greg Stewart             0  1  1   1  0   0  0  0  0  1  0/0    10:47   0:00   1:18 
Jiri Fischer             0  0  0  -1  0   0  0  1  0  0  0/0    21:12   0:01   2:55 
Josh Gorges              0  0  0  -1  0   0  2  1  0  1  0/0    20:25   1:58   2:55 
Ladislav Smid            0  1  1   1  0   0  0  1  0  1  0/0    16:01   0:00   4:46 
Marc Savard              1  0  1  -2  2   5  0  0  0  0  20/36  19:44   3:15   0:00 
Marek Svatos             0  0  0  -2  0   3  1  0  0  0  1/1    19:12   3:29   0:00 
Matt Carle               0  0  0   1  0   0  1  1  0  1  0/0    12:32   1:57   0:00 
Maxim Talbot             0  0  0   0  0   0  0  1  0  0  2/6    10:58   0:00   2:00 
Patrick Sharp            0  0  0  -2  4   3  1  0  1  0  0/1    20:45   3:30   1:15 
Rene Bourque             1  0  1   1  0   3  0  0  0  0  0/0    10:48   0:00   2:00 
Riley Cote               0  0  0   0  0   1  1  0  0  1  0/0     8:33   0:00   0:04 
Sergei Samsonov          0  3  3   0  2   0  1  2  1  0  1/2    18:06   2:40   3:34 

Players Stats for Devils

Player Name              G  A  P  +/- PIM S  H  SB GA TA FO     MP     PP MP  PK MP  
------------------------------------------------------------------------------------
Ben Lovejoy              0  1  1   1  0   3  2  1  1  0  0/0    24:37   3:53   3:09 
Brett Maclean            0  0  0  -1  0   1  1  0  2  0  0/1     9:26   0:01   0:00 
Chris Mcallister         0  1  1   1  0   4  3  0  0  0  0/0     9:52   0:01   0:37 
Cody Franson             0  0  0   0  2   0  0  0  0  0  0/0    19:20   3:47   1:42 
Dave Tanabe              0  1  1   0  0   1  1  0  0  0  0/0    17:22   0:00   3:41 
Evgeny Artyukhin         1  0  1   1  0   1  0  0  1  0  0/0     8:46   0:01   0:00 
Jamie Lundmark           0  0  0   1  0   0  0  0  0  1  2/5     8:27   0:00   0:00 
Jiri Hudler              2  0  2   0  2   6  3  0  0  1  13/33  22:30   4:38   1:32 
Jordan Eberle            1  1  2   1  0   6  2  0  0  0  1/2    15:31   4:38   0:00 
Logan Couture            0  0  0   1  0   0  2  0  0  0  5/8    14:35   3:02   0:06 
Michael Frolik           0  1  1   0  2   3  0  0  2  0  2/2    19:16   3:02   0:02 
Mike Komisarek           0  1  1   1  0   1  0  1  1  0  0/0    20:43   0:00   2:21 
Mike Lundin              0  1  1   0  6   4  1  0  0  0  0/0    20:31   3:48   1:27 
Milan Michalek           0  1  1   1  0   1  3  0  0  0  1/2    17:43   3:02   3:51 
Oliver Ekman-Larsson     0  0  0   0  0   0  0  0  0  0  0/0    17:57   3:53   0:00 
Patrick Eaves            0  0  0  -1  0   0  2  0  0  0  0/0    10:32   0:00   0:56 
Steve Ott                0  0  0  -1  0   1  0  0  0  0  6/11   12:53   0:00   3:46 
Zach Parise              0  0  0   0  0   7  2  0  0  1  0/0    22:46   4:38   1:30 

3 Stars

1 - Dustin Boyd (Mon)
2 - Jordan Eberle (NJD)
3 - Jiri Hudler (NJD)

Power Play

Canadiens - 3 on 6 Attempt(s) - 50,00%
Devils - 1 on 5 Attempt(s) - 20,00%

Penalty Kill

Canadiens - 4 on 5 Attempt(s) - 80,00% - Score 0 goal in Penalty Kill
Devils - 3 on 6 Attempt(s) - 50,00% - Score 0 goal in Penalty Kill

Team Stat

Canadiens - Hits : 11 - Faceoff Wins : 34 - Blocked Shots : 11 - Penalty Minutes : 10
Devils - Hits : 22 - Faceoff Wins : 30 - Blocked Shots : 2 - Penalty Minutes : 12

Official

Referees : StPierre Justin and Pochmara Brian
Linesman : David Brisebois and Tony Sericolo

Game Notes

No Game Note

Finance

Level 1 -- Attendance: 6000 (100,00%) -- Ticket Income 510 000 $
Level 2 -- Attendance: 4636 (92,72%) -- Ticket Income 241 072 $
Level 3 -- Attendance: 2000 (100,00%) -- Ticket Income 56 000 $
Level 4 -- Attendance: 3564 (89,10%) -- Ticket Income 71 280 $
Luxury Box -- Attendance: 711 (71,10%) -- Ticket Income 120 870 $
Game was played at the The prudential Center.
Total Attendance: 16911 (93,95%)
Total Ticket Income: 999 222 $
Other Income: 149 883 $
Total Income: 1 149 105 $

Canadiens

5 vs 5 Forward 
   Center                   Left Wing                Right Wing               Time % Phy DF OF 
 1 Marc Savard              Patrick Sharp            Marek Svatos             40     1   2  2  
 2 Brooks Laich             Sergei Samsonov          Devin Setoguchi          30     1   2  2  
 3 Dustin Boyd              Greg Stewart             Rene Bourque             20     1   2  2  
 4 Maxim Talbot             Riley Cote               Cam Janssen              10     1   2  2  

5 vs 5 Defense 
   Defense                  Defense                                           Time % Phy DF OF 
 1 Jiri Fischer             Dennis Wideman                                    40     1   2  2  
 2 Josh Gorges              Dan Boyle                                         30     1   2  2  
 3 Ladislav Smid            Matt Carle                                        20     1   2  2  
 4 Dan Boyle                Dennis Wideman                                    10     1   2  2  

PowerPlay Forward 
   Center                   Left Wing                Right Wing               Time % Phy DF OF 
 1 Marc Savard              Patrick Sharp            Marek Svatos             60     1   2  2  
 2 Dustin Boyd              Sergei Samsonov          Devin Setoguchi          40     1   2  2  

PowerPlay Defense
   Defense                  Defense                                           Time % Phy DF OF 
 1 Dan Boyle                Dennis Wideman                                    60     1   2  2  
 2 Josh Gorges              Matt Carle                                        40     1   2  2  

Penalty Kill 4 Players Forward 
   Center                   Wing                     Time % Phy DF OF 
 1 Brooks Laich             Sergei Samsonov          60     1   2  2  
 2 Maxim Talbot             Rene Bourque             40     1   2  2  

Penalty Kill 4 Players Defense
   Defense                  Defense                  Time % Phy DF OF 
 1 Ladislav Smid            Dennis Wideman           60     1   2  2  
 2 Josh Gorges              Jiri Fischer             40     1   2  2  

Penalty Kill - 3 Players Forward 
   Forward                                           Time % Phy DF OF 
 1 Brooks Laich                                      60     1   2  2  
 2 Maxim Talbot                                      40     1   2  2  

Penalty Kill - 3 Players Defense
   Defense                  Defense                  Time % Phy DF OF 
 1 Ladislav Smid            Dennis Wideman           60     1   2  2  
 2 Josh Gorges              Jiri Fischer             40     1   2  2  

4 vs 4 Forward 
   Center                   Wing                     Time % Phy DF OF 
 1 Marc Savard              Patrick Sharp            60     1   2  2  
 2 Dustin Boyd              Greg Stewart             40     1   2  2  

4 vs 4 Defense
   Defense                  Defense                  Time % Phy DF OF 
 1 Dan Boyle                Dennis Wideman           60     1   2  2  
 2 Josh Gorges              Jiri Fischer             40     1   2  2  

Last Minutes Offensive
   Center                   Left Wing                Right Wing               Defense                  Defense                  
   Marc Savard              Patrick Sharp            Marek Svatos             Dan Boyle                Dennis Wideman           

Last Minutes Defensive
   Center                   Left Wing                Right Wing               Defense                  Defense                  
   Marc Savard              Patrick Sharp            Marek Svatos             Josh Gorges              Dennis Wideman           

Goaltenders
Starting : Miika Kiprusoff          
Backup : Jonathan Bernier         

Extra Forwards
Normal : Maxim Talbot, Greg Stewart, Dustin Boyd - PP : Brooks Laich, Rene Bourque - PK : Patrick Sharp
Extra Defensemen
Normal : Ladislav Smid, Matt Carle, Jiri Fischer - PP : Ladislav Smid - PK : Matt Carle, Dan Boyle
Penalty Shots
Marc Savard, Patrick Sharp, Marek Svatos, Sergei Samsonov, Devin Setoguchi

Devils

5 vs 5 Forward 
   Center                   Left Wing                Right Wing               Time % Phy DF OF 
 1 Jiri Hudler              Zach Parise              Michael Frolik           40     1   2  2  
 2 Logan Couture            Milan Michalek           Jordan Eberle            30     1   2  2  
 3 Steve Ott                Brett Maclean            Patrick Eaves            20     1   2  2  
 4 Jamie Lundmark           Chris Mcallister         Evgeny Artyukhin         10     1   2  2  

5 vs 5 Defense 
   Defense                  Defense                                           Time % Phy DF OF 
 1 Ben Lovejoy              Mike Komisarek                                    40     1   2  2  
 2 Cody Franson             Mike Lundin                                       30     1   2  2  
 3 Dave Tanabe              Oliver Ekman-Larsson                              20     1   2  2  
 4 Mike Lundin              Oliver Ekman-Larsson                              10     1   2  2  

PowerPlay Forward 
   Center                   Left Wing                Right Wing               Time % Phy DF OF 
 1 Jiri Hudler              Zach Parise              Jordan Eberle            60     0   2  3  
 2 Logan Couture            Milan Michalek           Michael Frolik           40     0   2  3  

PowerPlay Defense
   Defense                  Defense                                           Time % Phy DF OF 
 1 Oliver Ekman-Larsson     Ben Lovejoy                                       60     0   2  3  
 2 Mike Lundin              Cody Franson                                      40     0   2  3  

Penalty Kill 4 Players Forward 
   Center                   Wing                     Time % Phy DF OF 
 1 Steve Ott                Milan Michalek           60     1   2  2  
 2 Jiri Hudler              Zach Parise              40     1   2  2  

Penalty Kill 4 Players Defense
   Defense                  Defense                  Time % Phy DF OF 
 1 Mike Lundin              Dave Tanabe              60     1   2  2  
 2 Ben Lovejoy              Mike Komisarek           40     1   2  2  

Penalty Kill - 3 Players Forward 
   Forward                                           Time % Phy DF OF 
 1 Zach Parise                                       60     1   2  2  
 2 Chris Mcallister                                  40     1   2  2  

Penalty Kill - 3 Players Defense
   Defense                  Defense                  Time % Phy DF OF 
 1 Mike Lundin              Dave Tanabe              60     1   2  2  
 2 Ben Lovejoy              Mike Komisarek           40     1   2  2  

4 vs 4 Forward 
   Center                   Wing                     Time % Phy DF OF 
 1 Logan Couture            Zach Parise              60     1   2  2  
 2 Jiri Hudler              Michael Frolik           40     1   2  2  

4 vs 4 Defense
   Defense                  Defense                  Time % Phy DF OF 
 1 Mike Komisarek           Dave Tanabe              60     1   2  2  
 2 Ben Lovejoy              Mike Komisarek           40     1   2  2  

Last Minutes Offensive
   Center                   Left Wing                Right Wing               Defense                  Defense                  
   Jiri Hudler              Zach Parise              Michael Frolik           Cody Franson             Ben Lovejoy              

Last Minutes Defensive
   Center                   Left Wing                Right Wing               Defense                  Defense                  
   Jiri Hudler              Zach Parise              Michael Frolik           Dave Tanabe              Mike Komisarek           

Goaltenders
Starting : Evgeni Nabokov           
Backup : James Reimer             

Extra Forwards
Normal : Logan Couture, Brett Maclean, Patrick Eaves - PP : Brett Maclean, Jiri Hudler - PK : Patrick Eaves
Extra Defensemen
Normal : Oliver Ekman-Larsson, Cody Franson, Dave Tanabe - PP : Oliver Ekman-Larsson - PK : Mike Komisarek, Dave Tanabe
Penalty Shots
Zach Parise, Jordan Eberle, Milan Michalek, Michael Frolik, Jiri Hudler

% Time on Ice - Canadiens

Lines # - Real PCT - Wanted PCT - Time Play
Normal Forward
1 - 35% - 40% - 15:24
2 - 27% - 30% - 11:54
3 - 20% - 20% - 8:45
4 - 19% - 10% - 8:29
Normal Defense
1 - 38% - 40% - 17:01
2 - 32% - 30% - 14:09
3 - 24% - 20% - 10:35
4 - 6% - 10% - 2:47
PP Forward
1 - 57% - 60% - 3:30
2 - 43% - 40% - 2:40
PP Defense
1 - 68% - 60% - 4:12
2 - 32% - 40% - 1:58
PK Forward
1 - 74% - 60% - 5:41
2 - 26% - 40% - 2:00
PK Defense
1 - 62% - 60% - 4:46
2 - 38% - 40% - 2:55
PK3 Forward
1 - 0% - 60%
2 - 0% - 40%
PK3 Defense
1 - 0% - 60%
2 - 0% - 40%
44 Forward
1 - 100% - 60% - 0:57
2 - 0% - 40% - 0:00
44 Defense
1 - 46% - 60% - 0:26
2 - 54% - 40% - 0:31
Last Minute Offensive  - 0:00
Last Minute Defensive  - 0:40
Total
Forward - 60:00
Defense - 60:00

% Time on Ice - Devils

Lines # - Real PCT - Wanted PCT - Time Play
Normal Forward
1 - 36% - 40% - 16:03
2 - 25% - 30% - 10:55
3 - 20% - 20% - 9:07
4 - 19% - 10% - 8:27
Normal Defense
1 - 41% - 40% - 18:20
2 - 28% - 30% - 12:16
3 - 25% - 20% - 11:19
4 - 6% - 10% - 2:37
PP Forward
1 - 61% - 60% - 4:39
2 - 39% - 40% - 3:02
PP Defense
1 - 51% - 60% - 3:53
2 - 49% - 40% - 3:48
PK Forward
1 - 75% - 60% - 4:38
2 - 25% - 40% - 1:32
PK Defense
1 - 88% - 60% - 5:24
2 - 12% - 40% - 0:46
PK3 Forward
1 - 0% - 60%
2 - 0% - 40%
PK3 Defense
1 - 0% - 60%
2 - 0% - 40%
44 Forward
1 - 65% - 60% - 0:37
2 - 35% - 40% - 0:20
44 Defense
1 - 100% - 60% - 0:57
2 - 0% - 40% - 0:00
Last Minute Offensive  - 0:40
Last Minute Defensive  - 0:00
Total
Forward - 60:00
Defense - 60:00

Play by Play

1st period


0:01 of 1st period - Jiri Hudler wins face-off versus Marc Savard in neutral zone.
0:29 of 1st period - Wrist shot by Brooks Laich.
0:29 of 1st period - Shot Misses the Net.
1:13 of 1st period - Snap shot by Chris Mcallister.
1:13 of 1st period - Stopped by Miika Kiprusoff without a rebound.
1:14 of 1st period - Marc Savard wins face-off versus Jiri Hudler in Canadiens zone.
1:53 of 1st period - Snap shot by Milan Michalek.
1:53 of 1st period - Shot Misses the Net.
2:19 of 1st period - Minor Penalty to Mike Lundin for Interference.
2:20 of 1st period - Steve Ott wins face-off versus Marc Savard in Devils zone.
2:59 of 1st period - Slapshot by Dustin Boyd.
2:59 of 1st period - Goal by Dustin Boyd - Canadiens : 1 - Devils : 0.
3:00 of 1st period - Marc Savard wins face-off versus Jiri Hudler in neutral zone.
3:09 of 1st period - Snap shot by Marc Savard.
3:09 of 1st period - Stopped by Evgeni Nabokov without a rebound.
3:10 of 1st period - Marc Savard wins face-off versus Jiri Hudler in Devils zone.
3:44 of 1st period - Minor Penalty to Michael Frolik for Hooking.
3:45 of 1st period - Dustin Boyd wins face-off versus Steve Ott in Devils zone.
3:57 of 1st period - Slapshot by Dustin Boyd.
3:57 of 1st period - Goal by Dustin Boyd - Canadiens : 2 - Devils : 0.
3:58 of 1st period - Jordan Eberle wins face-off versus Sergei Samsonov in neutral zone.
4:01 of 1st period - Dan Boyle is hit by Milan Michalek and loses puck.
4:14 of 1st period - Slapshot by Dan Boyle.
4:14 of 1st period - Stopped by Evgeni Nabokov without a rebound.
4:15 of 1st period - Dustin Boyd wins face-off versus Jamie Lundmark in Devils zone.
4:43 of 1st period - Wrist shot by Milan Michalek.
4:43 of 1st period - Deflect By Jordan Eberle.
4:43 of 1st period - Shot Misses the Net.
4:43 of 1st period - Puck is out of play.
4:44 of 1st period - Logan Couture wins face-off versus Brooks Laich in Canadiens zone.
5:10 of 1st period - Wrist shot by Jordan Eberle.
5:10 of 1st period - Stopped by Miika Kiprusoff without a rebound.
5:11 of 1st period - Marc Savard wins face-off versus Jiri Hudler in Canadiens zone.
5:18 of 1st period - Snap shot by Patrick Sharp.
5:18 of 1st period - Stopped by Evgeni Nabokov without a rebound.
5:19 of 1st period - Marc Savard wins face-off versus Jiri Hudler in Devils zone.
6:00 of 1st period - Wrist shot by Michael Frolik.
6:00 of 1st period - Shot Blocked by Jiri Fischer.
6:02 of 1st period - Snap shot by Jiri Hudler.
6:02 of 1st period - Shot Blocked by Dennis Wideman.
6:04 of 1st period - Snap shot by Jiri Hudler.
6:04 of 1st period - Stopped by Miika Kiprusoff with a rebound.
6:06 of 1st period - Snap shot by Zach Parise.
6:06 of 1st period - Stopped by Miika Kiprusoff without a rebound.
6:07 of 1st period - Steve Ott wins face-off versus Maxim Talbot in Canadiens zone.
6:08 of 1st period - Slapshot by Dave Tanabe.
6:08 of 1st period - Shot Blocked by Ladislav Smid.
6:10 of 1st period - Slapshot by Oliver Ekman-Larsson.
6:10 of 1st period - Deflect By Brett Maclean.
6:10 of 1st period - Stopped by Miika Kiprusoff with a rebound.
6:12 of 1st period - Snap shot by Steve Ott.
6:12 of 1st period - Shot Blocked by Matt Carle.
6:14 of 1st period - Slapshot by Dave Tanabe.
6:14 of 1st period - Shot Misses the Net.
6:35 of 1st period - Slapshot by Greg Stewart.
6:35 of 1st period - Shot Misses the Net.
6:58 of 1st period - Wrist shot by Evgeny Artyukhin.
6:58 of 1st period - Goal by Evgeny Artyukhin - Canadiens : 2 - Devils : 1.
6:59 of 1st period - Marc Savard wins face-off versus Brett Maclean in neutral zone.
7:10 of 1st period - Snap shot by Brett Maclean.
7:10 of 1st period - Shot Misses the Net.
7:12 of 1st period - Snap shot by Steve Ott.
7:12 of 1st period - Shot Blocked by Dan Boyle.
7:14 of 1st period - Wrist shot by Mike Komisarek.
7:14 of 1st period - Shot Blocked by Dan Boyle.
7:24 of 1st period - Michael Frolik is hit by Sergei Samsonov and loses puck.
8:11 of 1st period - Wrist shot by Chris Mcallister.
8:11 of 1st period - Stopped by Miika Kiprusoff without a rebound.
8:12 of 1st period - Jamie Lundmark wins face-off versus Maxim Talbot in Canadiens zone.
8:45 of 1st period - Snap shot by Ben Lovejoy.
8:45 of 1st period - Shot Blocked by Maxim Talbot.
8:55 of 1st period - Snap shot by Ben Lovejoy.
8:55 of 1st period - Deflect By Dennis Wideman.
8:55 of 1st period - Stopped by Miika Kiprusoff with a rebound.
9:06 of 1st period - Slapshot by Mike Komisarek.
9:06 of 1st period - Stopped by Miika Kiprusoff without a rebound.
9:07 of 1st period - Marc Savard wins face-off versus Jiri Hudler in Canadiens zone.
9:07 of 1st period - Marc Savard is hit by Mike Lundin.
9:20 of 1st period - Icing by Zach Parise.
9:21 of 1st period - Marc Savard wins face-off versus Jiri Hudler in Devils zone.
9:52 of 1st period - Snap shot by Jordan Eberle.
9:52 of 1st period - Stopped by Miika Kiprusoff without a rebound.
9:53 of 1st period - Sergei Samsonov wins face-off versus Logan Couture in Canadiens zone.
10:08 of 1st period - Snap shot by Sergei Samsonov.
10:08 of 1st period - Shot Blocked by Ben Lovejoy.
10:18 of 1st period - Dennis Wideman is hit by Ben Lovejoy.
10:30 of 1st period - Wrist shot by Milan Michalek.
10:30 of 1st period - Shot Misses the Net.
10:43 of 1st period - Off-side.
10:44 of 1st period - Jiri Hudler wins face-off versus Brooks Laich in neutral zone.
10:52 of 1st period - Slapshot by Sergei Samsonov.
10:52 of 1st period - Shot Misses the Net.
11:14 of 1st period - Slapshot by Dave Tanabe.
11:14 of 1st period - Stopped by Miika Kiprusoff with a rebound.
11:38 of 1st period - Patrick Sharp is hit by Patrick Eaves and loses puck.
12:26 of 1st period - Wrist shot by Rene Bourque.
12:26 of 1st period - Stopped by Evgeni Nabokov with a rebound.
12:28 of 1st period - Slapshot by Dennis Wideman.
12:28 of 1st period - Stopped by Evgeni Nabokov with a rebound.
12:32 of 1st period - Snap shot by Greg Stewart.
12:32 of 1st period - Deflect By Dustin Boyd.
12:32 of 1st period - Stopped by Evgeni Nabokov without a rebound.
12:33 of 1st period - Marc Savard wins face-off versus Jiri Hudler in Devils zone.
12:43 of 1st period - Minor Penalty to Mike Lundin for High sticking.
12:44 of 1st period - Marc Savard wins face-off versus Steve Ott in Devils zone.
14:43 of 1st period - Penalty to Mike Lundin is over, Mike Lundin is back on ice.
14:49 of 1st period - Off-side.
14:50 of 1st period - Jamie Lundmark wins face-off versus Maxim Talbot in neutral zone.
15:00 of 1st period - Minor Penalty to Cam Janssen for Hooking.
15:01 of 1st period - Jiri Hudler wins face-off versus Brooks Laich in Canadiens zone.
15:05 of 1st period - Wrist shot by Jiri Hudler.
15:05 of 1st period - Shot Misses the Net.
15:07 of 1st period - Wrist shot by Jordan Eberle.
15:07 of 1st period - Stopped by Miika Kiprusoff without a rebound.
15:08 of 1st period - Jiri Hudler wins face-off versus Brooks Laich in Canadiens zone.
15:27 of 1st period - Sergei Samsonov is hit by Jordan Eberle and loses puck.
15:34 of 1st period - Snap shot by Jordan Eberle.
15:34 of 1st period - Stopped by Miika Kiprusoff with a rebound.
15:36 of 1st period - Snap shot by Jiri Hudler.
15:36 of 1st period - Shot Misses the Net.
15:38 of 1st period - Wrist shot by Ben Lovejoy.
15:38 of 1st period - Shot Blocked by Sergei Samsonov.
15:40 of 1st period - Slapshot by Ben Lovejoy.
15:40 of 1st period - Shot Blocked by Sergei Samsonov.
15:42 of 1st period - Wrist shot by Jiri Hudler.
15:42 of 1st period - Goal by Jiri Hudler - Canadiens : 2 - Devils : 2.
15:43 of 1st period - Marc Savard wins face-off versus Steve Ott in neutral zone.
16:02 of 1st period - Minor Penalty to Patrick Sharp for Slashing.
16:03 of 1st period - Brooks Laich wins face-off versus Jordan Eberle in Canadiens zone.
17:04 of 1st period - Minor Penalty to Cody Franson for Holding.
17:05 of 1st period - Marc Savard wins face-off versus Logan Couture in Devils zone.
18:02 of 1st period - Penalty to Patrick Sharp is over, Patrick Sharp is back on ice.
19:04 of 1st period - Penalty to Cody Franson is over, Cody Franson is back on ice.
Goals for this period are 2 for Canadiens vs 2 for Devils.
Shots for this period are 8 for Canadiens vs 14 for Devils.

2nd period


0:01 of 2nd period - Marek Svatos wins face-off versus Jiri Hudler in neutral zone.
0:06 of 2nd period - Snap shot by Marc Savard.
0:06 of 2nd period - Shot Misses the Net.
0:08 of 2nd period - Snap shot by Marek Svatos.
0:08 of 2nd period - Stopped by Evgeni Nabokov without a rebound.
0:09 of 2nd period - Marc Savard wins face-off versus Jiri Hudler in Devils zone.
0:29 of 2nd period - Minor Penalty to Jiri Hudler for Roughing.
0:30 of 2nd period - Marc Savard wins face-off versus Steve Ott in Devils zone.
0:30 of 2nd period - Wrist shot by Patrick Sharp.
0:30 of 2nd period - Stopped by Evgeni Nabokov without a rebound.
0:31 of 2nd period - Milan Michalek wins face-off versus Marc Savard in Devils zone.
0:46 of 2nd period - Wrist shot by Marc Savard.
0:46 of 2nd period - Goal by Marc Savard - Canadiens : 3 - Devils : 2.
0:47 of 2nd period - Marc Savard wins face-off versus Jiri Hudler in neutral zone.
0:58 of 2nd period - Snap shot by Zach Parise.
0:58 of 2nd period - Shot Misses the Net.
1:02 of 2nd period - Snap shot by Michael Frolik.
1:02 of 2nd period - Stopped by Miika Kiprusoff with a rebound.
1:04 of 2nd period - Slapshot by Jiri Hudler.
1:04 of 2nd period - Goal by Jiri Hudler - Canadiens : 3 - Devils : 3.
1:05 of 2nd period - Logan Couture wins face-off versus Marc Savard in neutral zone.
1:08 of 2nd period - Marek Svatos is hit by Milan Michalek and loses puck.
1:15 of 2nd period - Wrist shot by Milan Michalek.
1:15 of 2nd period - Shot Misses the Net.
1:17 of 2nd period - Slapshot by Mike Lundin.
1:17 of 2nd period - Stopped by Miika Kiprusoff with a rebound.
1:19 of 2nd period - Snap shot by Jordan Eberle.
1:19 of 2nd period - Goal by Jordan Eberle - Canadiens : 3 - Devils : 4.
1:20 of 2nd period - Michael Frolik wins face-off versus Marc Savard in neutral zone.
1:20 of 2nd period - Ben Lovejoy is hit by Marek Svatos and loses puck.
2:18 of 2nd period - Wrist shot by Steve Ott.
2:18 of 2nd period - Shot Misses the Net.
2:20 of 2nd period - Slapshot by Ben Lovejoy.
2:20 of 2nd period - Stopped by Miika Kiprusoff without a rebound.
2:21 of 2nd period - Jiri Hudler wins face-off versus Marc Savard in Canadiens zone.
2:22 of 2nd period - Snap shot by Zach Parise.
2:22 of 2nd period - Stopped by Miika Kiprusoff with a rebound.
2:24 of 2nd period - Slapshot by Mike Lundin.
2:24 of 2nd period - Stopped by Miika Kiprusoff without a rebound.
2:25 of 2nd period - Jiri Hudler wins face-off versus Marc Savard in Canadiens zone.
2:36 of 2nd period - Snap shot by Zach Parise.
2:36 of 2nd period - Shot Misses the Net.
3:20 of 2nd period - Slapshot by Mike Lundin.
3:20 of 2nd period - Shot Misses the Net.
3:22 of 2nd period - Slapshot by Cody Franson.
3:22 of 2nd period - Deflect By Steve Ott.
3:22 of 2nd period - Stopped by Miika Kiprusoff without a rebound.
3:23 of 2nd period - Steve Ott wins face-off versus Patrick Sharp in Canadiens zone.
3:29 of 2nd period - Minor Penalty to Marc Savard for Holding Stick.
3:30 of 2nd period - Brooks Laich wins face-off versus Jiri Hudler in Canadiens zone.
3:33 of 2nd period - Slapshot by Zach Parise.
3:33 of 2nd period - Shot Misses the Net.
3:35 of 2nd period - Slapshot by Ben Lovejoy.
3:35 of 2nd period - Shot Blocked by Dennis Wideman.
3:37 of 2nd period - Backhand shot by Zach Parise.
3:37 of 2nd period - Shot Misses the Net.
3:39 of 2nd period - Snap shot by Zach Parise.
3:39 of 2nd period - Shot Misses the Net.
3:41 of 2nd period - Wrist shot by Zach Parise.
3:41 of 2nd period - Stopped by Miika Kiprusoff with a rebound.
3:47 of 2nd period - Snap shot by Jordan Eberle.
3:47 of 2nd period - Shot Misses the Net.
4:17 of 2nd period - Snap shot by Rene Bourque.
4:17 of 2nd period - Stopped by Evgeni Nabokov with a rebound.
5:29 of 2nd period - Penalty to Marc Savard is over, Marc Savard is back on ice.
6:39 of 2nd period - Icing by Sergei Samsonov.
6:40 of 2nd period - Jiri Hudler wins face-off versus Marc Savard in Canadiens zone.
7:25 of 2nd period - Dave Tanabe is hit by Dustin Boyd and loses puck.
7:44 of 2nd period - Slapshot by Patrick Sharp.
7:44 of 2nd period - Deflect By Marek Svatos.
7:44 of 2nd period - Stopped by Evgeni Nabokov without a rebound.
7:45 of 2nd period - Jiri Hudler wins face-off versus Marc Savard in Devils zone.
7:57 of 2nd period - Icing by Zach Parise.
7:58 of 2nd period - Jiri Hudler wins face-off versus Brooks Laich in Devils zone.
7:58 of 2nd period - Jiri Hudler is hit by Devin Setoguchi.
8:44 of 2nd period - Snap shot by Michael Frolik.
8:44 of 2nd period - Stopped by Miika Kiprusoff without a rebound.
8:45 of 2nd period - Brooks Laich wins face-off versus Milan Michalek in Canadiens zone.
8:45 of 2nd period - Brooks Laich is hit by Milan Michalek.
8:48 of 2nd period - Minor Penalty to Sergei Samsonov for Holding.
8:49 of 2nd period - Brooks Laich wins face-off versus Jiri Hudler in Canadiens zone.
8:59 of 2nd period - Brooks Laich is hit by Jiri Hudler and loses puck.
9:06 of 2nd period - Snap shot by Zach Parise.
9:06 of 2nd period - Stopped by Miika Kiprusoff with a rebound.
10:48 of 2nd period - Penalty to Sergei Samsonov is over, Sergei Samsonov is back on ice.
10:52 of 2nd period - Off-side.
10:53 of 2nd period - Steve Ott wins face-off versus Maxim Talbot in neutral zone.
11:07 of 2nd period - Ben Lovejoy is hit by Riley Cote and loses puck.
11:22 of 2nd period - Marc Savard is hit by Chris Mcallister and loses puck.
12:12 of 2nd period - Riley Cote is hit by Brett Maclean.
12:40 of 2nd period - Slapshot by Mike Lundin.
12:40 of 2nd period - Deflect By Sergei Samsonov.
12:40 of 2nd period - Stopped by Miika Kiprusoff with a rebound.
12:42 of 2nd period - Snap shot by Chris Mcallister.
12:42 of 2nd period - Stopped by Miika Kiprusoff without a rebound.
12:43 of 2nd period - Marc Savard wins face-off versus Jiri Hudler in Canadiens zone.
12:54 of 2nd period - Snap shot by Marc Savard.
12:54 of 2nd period - Stopped by Evgeni Nabokov with a rebound.
13:00 of 2nd period - Snap shot by Zach Parise.
13:00 of 2nd period - Stopped by Miika Kiprusoff with a rebound.
13:36 of 2nd period - Wrist shot by Steve Ott.
13:36 of 2nd period - Shot Misses the Net.
13:54 of 2nd period - Jiri Fischer is hit by Chris Mcallister and loses puck.
14:36 of 2nd period - Ladislav Smid is hit by Jordan Eberle and loses puck.
15:04 of 2nd period - Slapshot by Dave Tanabe.
15:04 of 2nd period - Shot Misses the Net.
15:25 of 2nd period - Snap shot by Maxim Talbot.
15:25 of 2nd period - Shot Misses the Net.
15:35 of 2nd period - Backhand shot by Marc Savard.
15:35 of 2nd period - Stopped by Evgeni Nabokov with a rebound.
15:37 of 2nd period - Slapshot by Patrick Sharp.
15:37 of 2nd period - Stopped by Evgeni Nabokov without a rebound.
15:38 of 2nd period - Marc Savard wins face-off versus Jiri Hudler in Devils zone.
15:41 of 2nd period - Wrist shot by Marek Svatos.
15:41 of 2nd period - Stopped by Evgeni Nabokov without a rebound.
15:42 of 2nd period - Jiri Hudler wins face-off versus Marc Savard in Devils zone.
16:00 of 2nd period - Slapshot by Dennis Wideman.
16:00 of 2nd period - Stopped by Evgeni Nabokov without a rebound.
16:01 of 2nd period - Logan Couture wins face-off versus Brooks Laich in Devils zone.
16:35 of 2nd period - Michael Frolik is hit by Patrick Sharp and loses puck.
16:52 of 2nd period - Patrick Eaves is hit by Dennis Wideman and loses puck.
17:09 of 2nd period - Off-side.
17:10 of 2nd period - Maxim Talbot wins face-off versus Jamie Lundmark in neutral zone.
17:12 of 2nd period - Dan Boyle is hit by Chris Mcallister and loses puck.
17:35 of 2nd period - Marek Svatos is hit by Jiri Hudler and loses puck.
17:56 of 2nd period - Snap shot by Sergei Samsonov.
17:56 of 2nd period - Shot Misses the Net.
19:09 of 2nd period - Josh Gorges is hit by Logan Couture and loses puck.
19:49 of 2nd period - Wrist shot by Rene Bourque.
19:49 of 2nd period - Deflect By Dustin Boyd.
19:49 of 2nd period - Shot Misses the Net.
19:49 of 2nd period - Puck is out of play.
19:50 of 2nd period - Steve Ott wins face-off versus Marc Savard in Devils zone.
19:55 of 2nd period - Marc Savard is hit by Patrick Eaves and loses puck.
Goals for this period are 1 for Canadiens vs 2 for Devils.
Shots for this period are 10 for Canadiens vs 14 for Devils.

3rd period


0:01 of 3rd period - Marc Savard wins face-off versus Jiri Hudler in neutral zone.
0:14 of 3rd period - Wrist shot by Marek Svatos.
0:14 of 3rd period - Deflect By Mike Komisarek.
0:14 of 3rd period - Shot Misses the Net.
0:14 of 3rd period - Puck is out of play.
0:15 of 3rd period - Brooks Laich wins face-off versus Logan Couture in Devils zone.
0:45 of 3rd period - Wrist shot by Dennis Wideman.
0:45 of 3rd period - Shot Misses the Net.
0:47 of 3rd period - Snap shot by Marc Savard.
0:47 of 3rd period - Stopped by Evgeni Nabokov without a rebound.
0:48 of 3rd period - Michael Frolik wins face-off versus Marc Savard in Devils zone.
1:05 of 3rd period - Slapshot by Marc Savard.
1:05 of 3rd period - Shot Misses the Net.
1:45 of 3rd period - Slapshot by Ben Lovejoy.
1:45 of 3rd period - Stopped by Miika Kiprusoff without a rebound.
1:46 of 3rd period - Dustin Boyd wins face-off versus Jiri Hudler in Canadiens zone.
1:53 of 3rd period - Wrist shot by Michael Frolik.
1:53 of 3rd period - Shot Misses the Net.
2:11 of 3rd period - Logan Couture is hit by Josh Gorges.
3:06 of 3rd period - Jiri Fischer is hit by Dave Tanabe and loses puck.
3:22 of 3rd period - Snap shot by Michael Frolik.
3:22 of 3rd period - Stopped by Miika Kiprusoff without a rebound.
3:23 of 3rd period - Marc Savard wins face-off versus Jiri Hudler in Canadiens zone.
3:23 of 3rd period - Marc Savard is hit by Ben Lovejoy.
3:49 of 3rd period - Zach Parise is hit by Dustin Boyd and loses puck.
4:13 of 3rd period - Wrist shot by Jordan Eberle.
4:13 of 3rd period - Deflect By Brooks Laich.
4:13 of 3rd period - Stopped by Miika Kiprusoff with a rebound.
4:30 of 3rd period - Off-side.
4:31 of 3rd period - Maxim Talbot wins face-off versus Steve Ott in neutral zone.
4:46 of 3rd period - Slapshot by Riley Cote.
4:46 of 3rd period - Stopped by Evgeni Nabokov without a rebound.
4:47 of 3rd period - Jiri Hudler wins face-off versus Marc Savard in Devils zone.
4:47 of 3rd period - Minor Penalty to Mike Lundin for Hooking.
4:48 of 3rd period - Steve Ott wins face-off versus Marc Savard in Devils zone.
5:47 of 3rd period - Steve Ott is hit by Matt Carle and loses puck.
6:47 of 3rd period - Penalty to Mike Lundin is over, Mike Lundin is back on ice.
7:21 of 3rd period - Wrist shot by Michael Frolik.
7:21 of 3rd period - Shot Misses the Net.
8:19 of 3rd period - Wrist shot by Zach Parise.
8:19 of 3rd period - Stopped by Miika Kiprusoff with a rebound.
8:21 of 3rd period - Snap shot by Zach Parise.
8:21 of 3rd period - Shot Misses the Net.
8:30 of 3rd period - Off-side.
8:31 of 3rd period - Brooks Laich wins face-off versus Jamie Lundmark in neutral zone.
8:38 of 3rd period - Slapshot by Dan Boyle.
8:38 of 3rd period - Shot Blocked by Mike Komisarek.
8:40 of 3rd period - Wrist shot by Brooks Laich.
8:40 of 3rd period - Stopped by Evgeni Nabokov with a rebound.
8:52 of 3rd period - Snap shot by Maxim Talbot.
8:52 of 3rd period - Shot Misses the Net.
9:14 of 3rd period - Marc Savard is hit by Jiri Hudler and loses puck.
9:31 of 3rd period - Minor Penalty to Patrick Sharp for Hooking.
9:32 of 3rd period - Brooks Laich wins face-off versus Jiri Hudler in Canadiens zone.
9:32 of 3rd period - Brooks Laich is hit by Zach Parise.
9:44 of 3rd period - Slapshot by Mike Lundin.
9:44 of 3rd period - Stopped by Miika Kiprusoff with a rebound.
10:18 of 3rd period - Slapshot by Jiri Hudler.
10:18 of 3rd period - Stopped by Miika Kiprusoff with a rebound.
10:20 of 3rd period - Slapshot by Cody Franson.
10:20 of 3rd period - Deflect By Jiri Hudler.
10:20 of 3rd period - Stopped by Miika Kiprusoff without a rebound.
10:21 of 3rd period - Logan Couture wins face-off versus Brooks Laich in Canadiens zone.
11:31 of 3rd period - Penalty to Patrick Sharp is over, Patrick Sharp is back on ice.
11:37 of 3rd period - Slapshot by Chris Mcallister.
11:37 of 3rd period - Stopped by Miika Kiprusoff with a rebound.
11:39 of 3rd period - Slapshot by Ben Lovejoy.
11:39 of 3rd period - Shot Misses the Net.
12:46 of 3rd period - Backhand shot by Rene Bourque.
12:46 of 3rd period - Goal by Rene Bourque - Canadiens : 4 - Devils : 4.
12:47 of 3rd period - Marc Savard wins face-off versus Jiri Hudler in neutral zone.
12:50 of 3rd period - Zach Parise is hit by Josh Gorges and loses puck.
14:28 of 3rd period - Wrist shot by Zach Parise.
14:28 of 3rd period - Stopped by Miika Kiprusoff without a rebound.
14:29 of 3rd period - Logan Couture wins face-off versus Brooks Laich in Canadiens zone.
15:45 of 3rd period - Wrist shot by Patrick Eaves.
15:45 of 3rd period - Shot Blocked by Josh Gorges.
17:04 of 3rd period - Jiri Fischer is hit by Zach Parise.
17:26 of 3rd period - Cam Janssen is hit by Logan Couture and loses puck.
17:33 of 3rd period - Snap shot by Milan Michalek.
17:33 of 3rd period - Stopped by Miika Kiprusoff with a rebound.
18:35 of 3rd period - Slapshot by Zach Parise.
18:35 of 3rd period - Shot Misses the Net.
18:57 of 3rd period - Snap shot by Milan Michalek.
18:57 of 3rd period - Shot Misses the Net.
19:15 of 3rd period - Wrist shot by Devin Setoguchi.
19:15 of 3rd period - Shot Misses the Net.
19:17 of 3rd period - Slapshot by Sergei Samsonov.
19:17 of 3rd period - Shot Misses the Net.
19:19 of 3rd period - Wrist shot by Devin Setoguchi.
19:19 of 3rd period - Goal by Devin Setoguchi - Canadiens : 5 - Devils : 4.
19:20 of 3rd period - Jiri Hudler wins face-off versus Marc Savard in neutral zone.
19:25 of 3rd period - Devils, Evgeni Nabokov is pulled from the net.
19:33 of 3rd period - Snap shot by Zach Parise.
19:33 of 3rd period - Shot Misses the Net.
19:35 of 3rd period - Snap shot by Michael Frolik.
19:35 of 3rd period - Shot Misses the Net.
19:37 of 3rd period - Wrist shot by Jiri Hudler.
19:37 of 3rd period - Stopped by Miika Kiprusoff without a rebound.
19:38 of 3rd period - Jacques Lemaire call a timeout for Devils.
19:38 of 3rd period - Jiri Hudler wins face-off versus Marc Savard in Canadiens zone.
Goals for this period are 2 for Canadiens vs 0 for Devils.
Shots for this period are 5 for Canadiens vs 11 for Devils.